TOP OF THE 1ST |
D.C. Divided batting - Pitching for Montana Pandas : RHP Phil Soto
|
Pitching: RHP Phil Soto
|
|
Batting: RHB Kimi Okubo
|
0-0: Ball 1-0: Ball 2-0: Ball 3-0: Base on Balls
|
Batting: LHB Bill Butler
|
0-0: Swinging Strike 0-1: Ball 1-1: Grounds into double play, 6-4-3 (Groundball, 6, EV 75.6 MPH)
|
Batting: RHB Martín Chávez
|
0-0: Foul Ball, location: 2F 0-1: Ball 1-1: Fly out, F8 (Flyball, 89D, EV 103.1 MPH)
|
Top of the 1st over - 0 runs, 0 hits, 0 errors, 0 left on base; D.C. 0 - Montana 0 |
BOTTOM OF THE 1ST |
Montana Pandas batting - Pitching for D.C. Divided : RHP Ángel Rosas
|
Pitching: RHP Ángel Rosas
|
|
Batting: SHB Manu Pakkarinen
|
0-0: Ball 1-0: SINGLE (Line Drive, 89M, EV 101.2 MPH)
|
Batting: RHB Eikki Kankaanperä
|
0-0: Called Strike 0-1: Foul Ball, location: 2F 0-2: Ground out 5-3 (Groundball, 56S, EV 66.9 MPH) Manu Pakkarinen to second
|
Batting: SHB Chris Piña
|
0-0: Ball 1-0: Ground out 5-3 (Groundball, 56, EV 88.1 MPH)
|
Batting: LHB DeMarvion Overshown
|
0-0: Called Strike 0-1: Swinging Strike 0-2: Strikes out looking
|
Bottom of the 1st over - 0 runs, 1 hit, 0 errors, 1 left on base; D.C. 0 - Montana 0 |
TOP OF THE 2ND |
D.C. Divided batting - Pitching for Montana Pandas : RHP Phil Soto
|
Batting: LHB Manuel Carmona
|
0-0: Called Strike 0-1: SINGLE (Groundball, 4MD, EV 98.1 MPH)
|
Batting: LHB Stanley Zijm
|
0-0: Called Strike 0-1: Fly out, F8 (Flyball, 8LM, EV 95.0 MPH)
|
Batting: SHB Billy Dotson
|
0-0: Ball 1-0: Foul Ball, location: 2F 1-1: Foul Ball, location: 2F 1-2: Ball 2-2: Strikes out looking
|
Batting: LHB Craig Morgan
|
0-0: Swinging Strike 0-1: Called Strike Manuel Carmona steals 2nd base 0-2: Ball 1-2: Foul Ball, location: 2F 1-2: Ground out 5-3 (Groundball, 56, EV 106.9 MPH)
|
Top of the 2nd over - 0 runs, 1 hit, 0 errors, 1 left on base; D.C. 0 - Montana 0 |
BOTTOM OF THE 2ND |
Montana Pandas batting - Pitching for D.C. Divided : RHP Ángel Rosas
|
Batting: RHB Edgar Baeza
|
0-0: SINGLE (Line Drive, 5D, EV 98.1 MPH)
|
Batting: LHB Gene Ricks
|
0-0: SINGLE (Groundball, 34, EV 106.9 MPH) Edgar Baeza to second Runner from 2nd tries for 3rd, SAFE, throw by RF made to third
|
Batting: RHB Martín Talia
|
0-0: Ball 1-0: Foul Ball, location: 2F 1-1: Called Strike 1-2: 3-RUN HOME RUN (Flyball, 78XD, EV 101.9 MPH), Distance : 370 ft
|
Batting: RHB Blythe Plumpley
|
0-0: Called Strike 0-1: Called Strike 0-2: Ball 1-2: Ball 2-2: SINGLE (Flyball, 78M, EV 91.2 MPH)
|
Batting: RHB Nick Harper
|
0-0: Ball 1-0: Ball 2-0: Called Strike 2-1: Swinging Strike 2-2: Strikes out swinging
|
Batting: SHB Manu Pakkarinen
|
0-0: Ball 1-0: Fly out, F5 (Popup, 5SF, EV 83.1 MPH)
|
Batting: RHB Eikki Kankaanperä
|
0-0: Called Strike 0-1: 2-RUN HOME RUN (Flyball, 78XD, EV 93.8 MPH), Distance : 383 ft
|
Batting: SHB Chris Piña
|
0-0: Ball 1-0: Ball 2-0: Ball 3-0: Called Strike 3-1: Ground out 6-3 (Groundball, 6S, EV 82.5 MPH)
|
Bottom of the 2nd over - 5 runs, 5 hits, 0 errors, 0 left on base; D.C. 0 - Montana 5 |
TOP OF THE 3RD |
D.C. Divided batting - Pitching for Montana Pandas : RHP Phil Soto
|
Batting: RHB Francisco Alhama
|
0-0: Ball 1-0: Called Strike 1-1: Swinging Strike 1-2: Foul Ball, location: 2F 1-2: Foul Ball, location: 2F 1-2: Strikes out swinging
|
Batting: RHB Layton Arntsen
|
0-0: Ball 1-0: Called Strike 1-1: Foul Ball, location: 2F 1-2: Ball 2-2: SINGLE (Groundball, 34D, EV 100.6 MPH)
|
Batting: RHB Kimi Okubo
|
0-0: Ball 1-0: Foul Ball, location: 2F 1-1: Foul Ball, location: 2F 1-2: Ball 2-2: Ball 3-2: Foul Ball, location: 2F 3-2: Foul Ball, location: 2F 3-2: Foul Ball, location: 2F 3-2: Foul Ball, location: 2F 3-2: Foul Ball, location: 2F 3-2: Fly out, F7 (Flyball, 7S, EV 89.4 MPH)
|
Batting: LHB Bill Butler
|
0-0: Ball 1-0: Ball 2-0: Ball 3-0: Called Strike 3-1: Fielders Choice at 2nd, 6-4 (Groundball, 6, EV 78.1 MPH)
|
Top of the 3rd over - 0 runs, 1 hit, 0 errors, 1 left on base; D.C. 0 - Montana 5 |
BOTTOM OF THE 3RD |
Montana Pandas batting - Pitching for D.C. Divided : RHP Ángel Rosas
|
Batting: LHB DeMarvion Overshown
|
0-0: Called Strike 0-1: Called Strike 0-2: Ball 1-2: Ball 2-2: Ball 3-2: SOLO HOME RUN (Flyball, 89XD, EV 105.6 MPH), Distance : 411 ft
|
Batting: RHB Edgar Baeza
|
0-0: Called Strike 0-1: Ball 1-1: Ball 2-1: Called Strike 2-2: Ball 3-2: SOLO HOME RUN (Flyball, 7D, EV 97.5 MPH), Distance : 367 ft
|
Pitching: RHP Octavius Pringle
|
|
Batting: LHB Gene Ricks
|
0-0: Called Strike 0-1: Ball 1-1: Swinging Strike 1-2: Strikes out swinging
|
Batting: RHB Martín Talia
|
0-0: Swinging Strike 0-1: Fly out, F9 (Flyball, 89M, EV 85.0 MPH)
|
Batting: RHB Blythe Plumpley
|
0-0: Called Strike 0-1: Ball 1-1: Ball 2-1: Foul Ball, location: 2F 2-2: Strikes out swinging
|
Bottom of the 3rd over - 2 runs, 2 hits, 0 errors, 0 left on base; D.C. 0 - Montana 7 |
TOP OF THE 4TH |
D.C. Divided batting - Pitching for Montana Pandas : RHP Phil Soto
|
Batting: RHB Martín Chávez
|
0-0: Ball 1-0: Swinging Strike 1-1: Foul Ball, location: 2F 1-2: SINGLE (Groundball, 6D, EV 105.6 MPH)
|
Batting: LHB Manuel Carmona
|
0-0: Ball 1-0: Called Strike 1-1: Ball 2-1: Called Strike 2-2: Ball 3-2: Foul Ball, location: 2F 3-2: Grounds into double play, 4-6-3 (Groundball, 4, EV 96.9 MPH)
|
Batting: LHB Stanley Zijm
|
0-0: Ball 1-0: Called Strike 1-1: Ball 2-1: Called Strike 2-2: Strikes out looking
|
Top of the 4th over - 0 runs, 1 hit, 0 errors, 0 left on base; D.C. 0 - Montana 7 |
BOTTOM OF THE 4TH |
Montana Pandas batting - Pitching for D.C. Divided : RHP Octavius Pringle
|
Batting: RHB Nick Harper
|
0-0: Ball 1-0: Ball 2-0: Foul Ball, location: 2F 2-1: Ball 3-1: Foul Ball, location: 2F 3-2: Ground out 4-3 (Groundball, 4, EV 101.2 MPH)
|
Batting: SHB Manu Pakkarinen
|
0-0: Ball 1-0: Ball 2-0: SINGLE (Flyball, 78S, EV 95.0 MPH)
|
Batting: RHB Eikki Kankaanperä
|
0-0: SINGLE (Groundball, 56D, EV 99.4 MPH) Manu Pakkarinen to second
|
Batting: SHB Chris Piña
|
0-0: Ball 1-0: Foul Ball, location: 2F 1-1: Foul Ball, location: 2F 1-2: Foul Ball, location: 2F 1-2: Grounds into double play, 6-4-3 (Groundball, 6, EV 90.0 MPH)
|
Bottom of the 4th over - 0 runs, 2 hits, 0 errors, 1 left on base; D.C. 0 - Montana 7 |
TOP OF THE 5TH |
D.C. Divided batting - Pitching for Montana Pandas : RHP Phil Soto
|
Batting: SHB Billy Dotson
|
0-0: Swinging Strike 0-1: Foul Ball, location: 2F 0-2: Ball 1-2: Ball 2-2: SINGLE (Flyball, 89M, EV 90.0 MPH)
|
Batting: LHB Craig Morgan
|
0-0: Ball 1-0: Called Strike 1-1: Foul Ball, location: 2F 1-2: Foul Ball, location: 2F 1-2: Ball 2-2: Ball 3-2: Strikes out looking
|
Batting: RHB Francisco Alhama
|
0-0: Ball 1-0: Ball 2-0: Fly out, F9 (Flyball, 9, EV 89.4 MPH)
|
Batting: RHB Layton Arntsen
|
0-0: Ball 1-0: Called Strike 1-1: Fielders Choice at 2nd, 6-4 (Groundball, 6, EV 86.2 MPH)
|
Top of the 5th over - 0 runs, 1 hit, 0 errors, 1 left on base; D.C. 0 - Montana 7 |
BOTTOM OF THE 5TH |
Montana Pandas batting - Pitching for D.C. Divided : RHP Octavius Pringle
|
Batting: LHB DeMarvion Overshown
|
0-0: Ball 1-0: Ball 2-0: Called Strike 2-1: Foul Ball, location: 2F 2-2: Foul Ball, location: 2F 2-2: SINGLE (Line Drive, 9S, EV 96.9 MPH)
|
Batting: RHB Edgar Baeza
|
0-0: 2-RUN HOME RUN (Flyball, 78XD, EV 104.4 MPH), Distance : 367 ft
|
Batting: LHB Gene Ricks
|
0-0: Ball 1-0: Called Strike 1-1: Fly out, F7 (Flyball, 7S, EV 82.5 MPH)
|
Batting: RHB Martín Talia
|
0-0: Called Strike 0-1: SOLO HOME RUN (Flyball, 78XD, EV 104.4 MPH), Distance : 392 ft
|
Pitching: LHP Yushua Wazir
|
|
Batting: RHB Blythe Plumpley
|
0-0: Called Strike 0-1: Foul Ball, location: 2F 0-2: Ball 1-2: Ball 2-2: Ball 3-2: Fly out, F8 (Flyball, 8LXD, EV 89.4 MPH)
|
Batting: RHB Nick Harper
|
0-0: Ball 1-0: Called Strike 1-1: Swinging Strike 1-2: Ball 2-2: Ground out 5-3 (Groundball, 56S, EV 65.6 MPH)
|
Bottom of the 5th over - 3 runs, 3 hits, 0 errors, 0 left on base; D.C. 0 - Montana 10 |
TOP OF THE 6TH |
D.C. Divided batting - Pitching for Montana Pandas : RHP Phil Soto
|
Batting: RHB Kimi Okubo
|
0-0: Called Strike 0-1: Swinging Strike 0-2: Ball 1-2: Foul Ball, location: 2F 1-2: Ball 2-2: Ball 3-2: SINGLE (Line Drive, 9S, EV 85.0 MPH)
|
Pitching: LHP Gil Herrera
|
|
Batting: LHB Bill Butler
|
Pickoff Throw to First - Error! E1 Kimi Okubo to second 0-0: Swinging Strike 0-1: Ball 1-1: Foul Ball, location: 2F 1-2: Ball 2-2: Ground out 5-3 (Groundball, 56, EV 106.2 MPH)
|
Batting: RHB Martín Chávez
|
0-0: SINGLE (Groundball, 4D, EV 97.5 MPH) Kimi Okubo to third Runner from 3rd tries for Home, SAFE, no throw by RF
|
Batting: LHB Manuel Carmona
|
0-0: Called Strike 0-1: Grounds into double play, 6-4-3 (Groundball, 6, EV 88.8 MPH)
|
Top of the 6th over - 1 run, 2 hits, 1 error, 0 left on base; D.C. 1 - Montana 10 |
BOTTOM OF THE 6TH |
Montana Pandas batting - Pitching for D.C. Divided : LHP Yushua Wazir
|
Batting: SHB Manu Pakkarinen
|
0-0: Called Strike 0-1: Foul Ball, location: 2F 0-2: Ball 1-2: Ground out 2-3 (Groundball, 15S, EV 71.9 MPH)
|
Batting: RHB Eikki Kankaanperä
|
0-0: Ball 1-0: Ball 2-0: Foul Ball, location: 2F 2-1: SINGLE (Groundball, 4, EV 100.0 MPH) (infield hit)
|
Batting: SHB Chris Piña
|
0-0: Ball 1-0: Foul Ball, location: 2F 1-1: Swinging Strike 1-2: Foul Ball, location: 2F 1-2: Ball 2-2: Foul Ball, location: 2F 2-2: Foul Ball, location: 2F 2-2: Ball 3-2: Base on Balls Eikki Kankaanperä to second
|
Batting: LHB DeMarvion Overshown
|
0-0: Ball 1-0: Foul Ball, location: 2F 1-1: Swinging Strike 1-2: Foul Ball, location: 2F 1-2: Strikes out swinging
|
Batting: RHB Edgar Baeza
|
0-0: Ground out U3 (Groundball, 34S, EV 84.4 MPH)
|
Bottom of the 6th over - 0 runs, 1 hit, 0 errors, 2 left on base; D.C. 1 - Montana 10 |
TOP OF THE 7TH |
D.C. Divided batting - Pitching for Montana Pandas : LHP Gil Herrera
|
Pinch Hitting: RHB Bartolo Álvarez
|
0-0: Ball 1-0: Ball 2-0: Called Strike 2-1: Called Strike 2-2: Fly out, F6 (Flyball, 4MD, EV 94.4 MPH)
|
Batting: SHB Billy Dotson
|
0-0: Foul Ball, location: 2F 0-1: Ball 1-1: Foul Ball, location: 2F 1-2: Foul Ball, location: 2F 1-2: Foul Ball, location: 2F 1-2: Strikes out swinging, 2-3 out at first.
|
Batting: LHB Craig Morgan
|
0-0: Ball 1-0: SOLO HOME RUN (Flyball, 9LD, EV 105.6 MPH), Distance : 344 ft
|
Batting: RHB Francisco Alhama
|
0-0: Swinging Strike 0-1: Swinging Strike 0-2: Ball 1-2: Ball 2-2: Ball 3-2: Strikes out looking
|
Top of the 7th over - 1 run, 1 hit, 0 errors, 0 left on base; D.C. 2 - Montana 10 |
BOTTOM OF THE 7TH |
Montana Pandas batting - Pitching for D.C. Divided : LHP Yushua Wazir
|
Now in CF: Bartolo Álvarez
|
|
Batting: LHB Gene Ricks
|
0-0: Ball 1-0: Swinging Strike 1-1: Foul Ball, location: 2F 1-2: Ball 2-2: SOLO HOME RUN (Flyball, 7D, EV 92.5 MPH), Distance : 362 ft
|
Batting: RHB Martín Talia
|
0-0: Ball 1-0: Ball 2-0: Ball 3-0: Called Strike 3-1: Base on Balls
|
Pitching: RHP Yaroslav Red'kin
|
|
Batting: RHB Blythe Plumpley
|
0-0: Called Strike 0-1: Fly out, F5 (Popup, 5L, EV 58.1 MPH)
|
Batting: RHB Nick Harper
|
0-0: Ball 1-0: Grounds into double play, 6-4-3 (Groundball, 56, EV 90.0 MPH)
|
Bottom of the 7th over - 1 run, 1 hit, 0 errors, 0 left on base; D.C. 2 - Montana 11 |
TOP OF THE 8TH |
D.C. Divided batting - Pitching for Montana Pandas : LHP Gil Herrera
|
Batting: RHB Layton Arntsen
|
0-0: SINGLE (Groundball, 56D, EV 106.9 MPH)
|
Pinch Hitting: LHB Alex Avery
|
0-0: Called Strike 0-1: Ball 1-1: Called Strike 1-2: Ball 2-2: Strikes out swinging
|
Batting: LHB Bill Butler
|
0-0: Foul Ball, location: 2F 0-1: Ball 1-1: Foul Ball, location: 2F 1-2: Ball 2-2: Fly out, F4 (Flyball, 34D, EV 86.9 MPH)
|
Batting: RHB Martín Chávez
|
0-0: Called Strike 0-1: Called Strike 0-2: Ball 1-2: Fly out, F7 (Flyball, 78D, EV 105.0 MPH)
|
Top of the 8th over - 0 runs, 1 hit, 0 errors, 1 left on base; D.C. 2 - Montana 11 |
BOTTOM OF THE 8TH |
Montana Pandas batting - Pitching for D.C. Divided : RHP Yaroslav Red'kin
|
Now at 1B: Alex Avery
|
|
Batting: SHB Manu Pakkarinen
|
0-0: Foul Ball, location: 2F 0-1: Fly out, F5 (Popup, 56S, EV 71.2 MPH)
|
Batting: RHB Eikki Kankaanperä
|
0-0: Called Strike 0-1: Fly out, F9 (Flyball, 9, EV 90.6 MPH)
|
Batting: SHB Chris Piña
|
0-0: Foul Ball, location: 2F 0-1: Ball 1-1: Foul Ball, location: 2F 1-2: Foul Ball, location: 2F 1-2: Ground out 6-3 (Groundball, 6, EV 82.5 MPH)
|
Bottom of the 8th over - 0 runs, 0 hits, 0 errors, 0 left on base; D.C. 2 - Montana 11 |
TOP OF THE 9TH |
D.C. Divided batting - Pitching for Montana Pandas : LHP Gil Herrera
|
Batting: LHB Manuel Carmona
|
0-0: Ball 1-0: Swinging Strike 1-1: Fly out, F7 (Flyball, 7, EV 98.8 MPH)
|
Batting: RHB Bartolo Álvarez
|
0-0: Called Strike 0-1: Foul Ball, location: 2F 0-2: Ball 1-2: Ground out 6-3 (Groundball, 6, EV 83.8 MPH)
|
Batting: SHB Billy Dotson
|
0-0: Called Strike 0-1: SINGLE (Line Drive, 9LS, EV 94.4 MPH)
|
Batting: LHB Craig Morgan
|
0-0: Called Strike 0-1: Ball 1-1: Called Strike 1-2: Ball 2-2: Strikes out swinging
|
Top of the 9th over - 0 runs, 1 hit, 0 errors, 1 left on base; D.C. 2 - Montana 11 |
|